 Dungeon Crawl Stone Soup version 0.27-a0-1119-gbf574a6a6b (webtiles) character file.

Game seed: 2771597504202718890

9169 sizableburger the Fighter (level 11, -4/86 (90) HPs)
             Began as a Mummy Hunter on May 2, 2021.
             Was a Priest of Ru.
             Slain by Urug
             ... wielding a +3 scimitar
              (26 damage)
             ... on level 1 of the Lair of Beasts.
             The game lasted 00:39:47 (16538 turns).

sizableburger the Fighter (Mummy Hunter)           Turns: 16538, Time: 00:39:47

HP:   -4/86 (90)    AC: 14    Str: 18    XL:     11   Next: 19%
MP:   11/11         EV: 16    Int: 10    God:    Ru [***...]
Gold: 526           SH:  0    Dex: 14    Spells: 10/10 levels left

rFire    x . .     SeeInvis .   a - +1 scimitar (flame)
rCold    + . .     Faith    .   (no shield)
rNeg     + + +     Spirit   .   i - +0 steam dragon scales
rPois    ∞         Reflect  .   s - +2 helmet
rElec    .         Harm     .   j - +0 cloak
rCorr    .         Rampage  .   m - +2 pair of gloves
Will     +....                  (no boots)
Stlth    +.........             e - amulet of magic regeneration
HPRegen  0.24/turn              p - +4 ring of evasion
MPRegen  0.37/turn              (no ring)

@: confused, lightly drained
A: cold resistance 1, negative energy resistance 3, torment resistance 2,
unbreathing 1, heat vulnerability 1, inability to use devices, hated by all, no
potions
a: Renounce Religion, Draw Out Power


You were on level 1 of the Lair of Beasts.
You worshipped Ru.
Ru was most pleased with you.
You visited 3 branches of the dungeon, and saw 11 of its levels.

You collected 526 gold pieces.

Inventory:

Hand Weapons
 a - a +1 scimitar of flaming (weapon)
 d - a +6 spectral quarterstaff
 f - a +5 dagger of flaming
Missiles
 h - 321 stones
 q - 3 boomerangs (quivered)
 r - 15 poisoned darts
Armour
 b - a +1 leather armour
 i - +0 steam dragon scales (worn)
 j - a +0 cloak (worn)
 m - a +2 pair of gloves (worn)
 o - a +0 chain mail
 s - a +2 helmet (worn)
Jewellery
 e - an amulet of magic regeneration (around neck)
 g - a ring of ice
 p - a +4 ring of evasion (left hand)
Scrolls
 c - a scroll of magic mapping
 u - a scroll of holy word


   Skills:
 + Level 9.7 Fighting
 + Level 5.8(6.1) Short Blades
 - Level 2.8(4.7) Long Blades
 - Level 0.2(5.3) Slings
 + Level 8.7 Throwing
 + Level 5.6 Armour
 - Level 2.2 Dodging
 - Level 0.7 Stealth
   Level 0.0 Evocations


You had 10 spell levels left.
You didn't know any spells.
Your spell library contained the following spells:

 Spells                   Type           Power      Damage    Failure   Level
 Apportation              Tloc           0%         N/A       36%         1
 Corona                   Hex            0%         N/A       36%         1
 Sting                    Tmut/Pois      0%         1d3       36%         1
 Poisonous Vapours        Pois/Air       0%         N/A       50%         2
 Ignite Poison            Fire/Tmut/Pois 0%         N/A       75%         3
 Mephitic Cloud           Conj/Pois/Air  0%         N/A       75%         3
 Cause Fear               Hex            0%         N/A       98%         4
 Olgreb's Toxic Radiance  Pois           0%         N/A       98%         4
 Borgnjor's Vile Clutch   Necr/Erth      0%         N/A       100%        5
 Silence                  Hex/Air        0%         N/A       100%        5
 Yara's Violent Unravell  Hex/Tmut       0%         3d3       100%        5
 Discord                  Hex            0%         N/A       100%        8
 Animate Skeleton         Necr           Unusable   N/A       N/A         1
 Summon Small Mammal      Summ           Unusable   N/A       N/A         1
 Animate Dead             Necr           Unusable   N/A       N/A         4
 Death Channel            Necr           Unusable   N/A       N/A         6
 Simulacrum               Ice/Necr       Unusable   N/A       N/A         6

Dungeon Overview and Level Annotations

Branches:
Dungeon (9/15)             Temple (1/1) D:5            Lair (1/6) D:8
    Orc: D:9-12

Altars:
Fedhas
Hepliaklqana
Makhleb
Okawaru
Ru
Trog
Uskayaw
Vehumet
Wu Jian
Yredelemnul
The Shining One

Shops:
D:7 ?

Annotations:
D:3 1 runed translucent door, Sabo's ghost, amateur HOMo
D:5 1 runed translucent door, Crazy Yiuf
D:6 1 runed translucent door
Lair:1 Urug


Innate Abilities, Weirdness & Mutations

You are immune to poison.
Your flesh is cold resistant. (rC+)
You are immune to negative energy. (rN+++)
You are immune to unholy pain and torment.
You can survive without breathing.
You are vulnerable to heat. (rF-)
You cannot study or use magical devices.
You are hated by all.
You do not drink.


Message History

Urug is lightly wounded.
Urug zaps a wand.
You resist with almost no effort.
Throw: javelin
Press: ? - help, Q - select action, (/) - cycle Shift-Dir - straight line, f/p - Urug
Aim: Urug, wielding a +3 scimitar, wearing a +0 ring mail, quivering javelins and carrying a wand of charming (8) (moderately wounded, extremely poisoned, 61% to hit)
You throw a javelin. The javelin closely misses Urug.
Urug zaps a wand.
Your will is overpowered!
You are confused.
Unknown command.
Your +5 dagger of flaming stops flaming.
Your +1 scimitar of flaming bursts into flame!
a - a +1 scimitar of flaming (weapon)
Urug barely misses you.
You closely miss Urug.
Urug is moderately wounded.
Urug zaps a wand.
You resist with almost no effort.
You bump into the rock wall.
Urug zaps a wand.
You resist with almost no effort.
You miss Urug.
Urug is moderately wounded.
Urug zaps a wand.
Your will is overpowered!
You are more confused.
You bump into the rock wall.
Urug closely misses you.
You barely miss Urug.
Urug is heavily wounded.
Urug hits you with a +3 scimitar!
* * * LOW HITPOINT WARNING * * *
You focus your inner power and blind Urug in retribution!
You barely miss Urug.
Urug is heavily wounded.
Urug zaps a wand.
Your will is overpowered!
You are more confused.
Non-targeted confused throw: 3 boomerangs
Press: ? - help, Q - select action, (/) - cycle Dir - look around, f - activate Look: Urug, wielding a +3 scimitar, wearing a +0 ring mail, quivering javelins and carrying a wand of charming (3) (heavily wounded, blind, very poisoned, 47% to hit)
You throw a boomerang. The boomerang hits Urug!
Urug is severely wounded.
You feel less exhausted. Urug hits you with a +3 scimitar!!
You die...

#.###P.####
............
(............
............
...........
..........#
..........#
.......$.@##
......(.o..#
.#..##...#≈≈≈≈≈
# #...##≈≈P≈
##.>..#♣P≈≈.
#P...###♣≈≈.
#♣###......≈≈≈.
♣♣≈P##......≈≈≈.
##♣≈PP♣≈≈....♣≈≈


You could see Urug (blind, very poisoned).

Vanquished Creatures
  Harold (D:8)
  A two-headed ogre (D:8)
  Pikel (D:8)
  Maurice (D:8)
  Joseph (D:7)
  3 cane toads (Lair:1)
  A komodo dragon (D:8)
  Sigmund (D:2)
  A basilisk (Lair:1)
  A steam dragon (D:6)
  5 yaks (Lair:1)
  3 humans (D:7)
  2 water moccasins
  Duvessa (D:5)
  2 orc warriors (D:7)
  A sky beast (D:5)
  A black bear (D:6)
  4 ogres
  A necrophage (D:6)
  5 centaurs
  A phantom (D:5)
  Blork the orc (D:5)
  6 bullfrogs
  4 scorpions
  Dowan (D:5)
  A wyvern zombie (D:7)
  A water moccasin zombie (D:5)
  A water moccasin skeleton (D:5)
  3 killer bees (D:7)
  A howler monkey (D:6)
  5 wights (D:8)
  2 electric eels (Lair:1)
  5 hounds
  A jelly (D:7)
  The ghost of spiderkeys the Sneak, a weakling VSEn (D:6)
  A centaur skeleton (D:4)
  2 orc priests
  A gnoll shaman (D:8)
  3 bullfrog skeletons
  5 iguanas
  6 orc wizards
  2 hound zombies (D:5)
  8 gnolls
  7 adders
  A river rat (D:6)
  A shadow imp (D:7)
  A white imp (D:8)
  An ufetubus (D:6)
  3 worms
  A dart slug (D:2)
  27 orcs
  6 ball pythons
  4 bats
  11 endoplasms
  5 giant cockroaches
  7 goblins
  6 hobgoblins
  8 jackals
  7 quokkas
  4 frilled lizards
  A jackal zombie (D:2)
  6 kobolds
  4 rats
210 creatures vanquished.

Vanquished Creatures (collateral kills)
  Erica (D:8)
  A centaur (D:8)
2 creatures vanquished.

Vanquished Creatures (others)
  19 fungi (D:8)
  34 plants
53 creatures vanquished.

Grand Total: 265 creatures vanquished

Notes
Turn   | Place    | Note
-------+----------+-------------------------------------------
     0 | D:1      | sizableburger the Mummy Hunter began the quest for the Orb.
     0 | D:1      | Reached XP level 1. HP: 16/16 MP: 1/1
   477 | D:1      | Reached XP level 2. HP: 11/22 MP: 2/2
  1658 | D:2      | Reached XP level 3. HP: 28/28 MP: 3/3
  1779 | D:2      | Reached skill level 1 in Short Blades
  2076 | D:2      | Reached XP level 4. HP: 24/34 MP: 4/4
  2415 | D:2      | Reached skill level 3 in Fighting
  2638 | D:2      | Noticed Sigmund
  2653 | D:2      | Killed Sigmund
  2654 | D:2      | Reached XP level 5. HP: 42/42 MP: 5/5
  2654 | D:2      | Reached XP level 6. HP: 48/48 MP: 6/6
  3181 | D:3      | Found a faded altar of an unknown god.
  3647 | D:3      | Reached skill level 4 in Fighting
  4321 | D:3      | Found a runed translucent door.
  4322 | D:3      | Noticed Sabo's ghost (amateur HOMo)
  5127 | D:4      | Reached XP level 7. HP: 41/55 MP: 7/7
  5460 | D:4      | Reached skill level 5 in Throwing
  5856 | D:4      | Reached skill level 5 in Fighting
  6139 | D:5      | Entered Level 5 of the Dungeon
  6547 | D:5      | Noticed Blork the orc
  6563 | D:5      | Killed Blork the orc
  6564 | D:5      | Reached XP level 8. HP: 58/63 MP: 8/8
  6962 | D:5      | Noticed Duvessa
  6982 | D:5      | Noticed Dowan
  6985 | D:5      | Killed Duvessa
  6986 | D:5      | Reached skill level 6 in Fighting
  6999 | D:5      | Killed Dowan
  7620 | D:5      | Found a sacrificial altar of Ru.
  7695 | D:5      | Became a worshipper of Ru the Awakened
  7711 | D:5      | Found a staircase to the Ecumenical Temple.
  7736 | Temple   | Entered the Ecumenical Temple
  7835 | D:5      | Found a runed translucent door.
  7836 | D:5      | Noticed Crazy Yiuf
  7960 | D:5      | Reached skill level 5 in Short Blades
  9158 | D:6      | Reached skill level 1 in Armour
  9158 | D:6      | Reached skill level 1 in Evocations
  9392 | D:6      | Reached XP level 9. HP: 68/71 MP: 9/9
  9543 | D:6      | Reached skill level 7 in Fighting
  9930 | D:6      | Found a runed translucent door.
  9932 | D:6      | Noticed spiderkeys's ghost (weakling VSEn)
 10013 | D:6      | Found a runed translucent door.
 10517 | D:6      | Killed spiderkeys's ghost
 10759 | D:7      | Noticed Joseph
 10786 | D:7      | Killed Joseph
 11158 | D:7      | Gained mutation: You cannot study or use magical devices.
                  | [Ru sacrifice]
 11158 | D:7      | Reached * piety under Ru
 11158 | D:7      | Reached ** piety under Ru
 11458 | D:7      | Found Nosal's Magic Scroll Shoppe.
 11817 | D:7      | Reached skill level 8 in Fighting
 12848 | D:7      | Found a blossoming altar of Fedhas.
 12960 | D:7      | Reached XP level 10. HP: 80/80 MP: 10/10
 13698 | D:8      | Noticed Erica
 13704 | D:8      | Killed Erica
 13836 | D:8      | Noticed Pikel
 13862 | D:8      | Noticed a two-headed ogre
 13916 | D:8      | Gained mutation: You are hated by all. [Ru sacrifice]
 13916 | D:8      | Reached *** piety under Ru
 14259 | D:8      | Killed Pikel
 14346 | D:8      | Killed a two-headed ogre
 14347 | D:8      | Reached skill level 1 in Long Blades
 14351 | D:8      | Found a staircase to the Lair.
 14428 | D:8      | Noticed Maurice
 14515 | D:8      | Reached skill level 9 in Fighting
 14543 | D:8      | Killed Maurice
 14816 | D:8      | Noticed Harold
 14968 | Lair:1   | Entered Level 1 of the Lair of Beasts
 14979 | Lair:1   | Noticed a cane toad
 14989 | Lair:1   | Killed a cane toad
 14990 | Lair:1   | Reached skill level 5 in Armour
 15072 | Lair:1   | Noticed a cane toad
 15081 | Lair:1   | Killed a cane toad
 15189 | D:8      | Paralysed by Harold for 7 turns
 15230 | D:8      | Killed Harold
 15404 | D:8      | Reached XP level 11. HP: 79/89 MP: 11/11
 16511 | Lair:1   | Noticed Urug
 16538 | Lair:1   | Slain by Urug

Illustrated notes

Levels and vault maps discovered:
D:1:      amcnicky_arrival_choice, layout_loops_cross
D:2:      minmay_evil_eye, layout_basic, uniq_sigmund
D:3:      layout_loops_corners, ebering_ghost_reflecting_pool,
          shapermc_ecumenical_altar_venn, minmay_fractal_squares_gapless_5
D:4:      layout_gridville
D:5:      layout_basic, lemuel_tele_altar, minmay_temple_entry_glassed_door,
          minmay_misc_feat_pillars, chequers_decorated_corner,
          uniq_blork_the_orc, uniq_duvessa, uniq_crazy_yiuf_cottage
D:6:      layout_loops_cross, ebering_ghost_sewer_f, serial_bayou_pond_d
D:7:      layout_layer_cave, kennysheep_mini, kennysheep_mini_moat,
          serial_shops, shop, minmay_ruffians, uniq_joseph
D:8:      layout_gridville, grunt_lair_entry_orc_guard_hut, uniq_erica,
          uniq_harold, uniq_pikel, uniq_maurice
D:9:      layout_basic, grunt_temple_overflow_open, minmay_puff
Temple:   minmay_temple_bridge_abc
Lair:1:   layout_chaotic_city, serial_bayou, serial_bayou_pond_a,
          serial_bayou_shore_a, serial_bayou_ford_a, serial_bayou_lagoon_b,
          serial_bayou_pond_a, serial_bayou_crossing, minmay_holes, uniq_urug

Skill      XL: |  1  2  3  4  5  6  7  8  9 10 |
---------------+-------------------------------+-----
Dodging        | 2 |  2.2
Short Blades   | 1 2 3 4 5 |  5.8
Fighting       | 3 4 5 6 8 9 |  9.7
Throwing       | 4 5 6 7 8 |  8.7
Armour         | 1 3 5 |  5.6
Evocations     | 1 0 |  0.0
Long Blades    | 2 |  2.8
Slings         | |  0.2
Stealth        | |  0.7

Action                   |  1- 3 |  4- 6 |  7- 9 | 10-12 || total
-------------------------+-------+-------+-------+-------++-------
Melee: Short sword       |    18 |       |       |       ||    18
       Dagger            |    66 |   214 |   498 |   260 ||  1038
       Quarterstaff      |       |       |     1 |       ||     1
       Scimitar          |       |       |       |     4 ||     4
 Fire: Hunting sling     |       |       |     2 |       ||     2
Throw: Javelin           |    26 |    19 |    54 |    13 ||   112
       Throwing net      |     2 |     2 |     6 |     3 ||    13
       Stone             |    27 |     4 |     9 |       ||    40
       Boomerang         |       |       |     5 |    45 ||    50
       Dart              |       |       |     5 |     6 ||    11
Invok: Sacrifice Artific |       |       |     1 |       ||     1
       Draw Out Power    |       |       |       |     2 ||     2
       Sacrifice Love    |       |       |       |     1 ||     1
Evoke: Wand              |       |     4 |    34 |       ||    38
  Use: Scroll            |       |     3 |     6 |     6 ||    15
 Stab: Paralysed         |       |     4 |     7 |       ||    11
       Sleeping          |       |     3 |     1 |       ||     4
       Held in net/web   |       |       |     2 |       ||     2
       Distracted        |       |       |       |     2 ||     2
       Invisible         |       |       |       |     1 ||     1
Armor: Leather armour    |    31 |    37 |    70 |       ||   138
       Chain mail        |       |       |    36 |       ||    36
       Steam dragon scal |       |       |    67 |    37 ||   104
Dodge: Dodged            |    71 |   106 |   343 |   150 ||   670

Table legend: (Time is in decaauts)
 A = Elapsed time spent in this place.
 B = Non-inter-level travel time spent in this place.
 C = Inter-level travel time spent in this place.
 D = Time resting spent in this place.
 E = Time spent auto-exploring this place.
 F = Levels seen in this place.
 G = Mean time per level.
                   A        B        C        D        E       F      G
               +--------+--------+--------+--------+--------+-----+--------+
         Total |  16360 |  15498 |    862 |   5180 |   7488 |  11 | 1487.3 |
       Dungeon |  15658 |  14808 |    850 |   4927 |   7223 |   9 | 1739.8 |
        Temple |     34 |     22 |     12 |      0 |     21 |   1 |   34.0 |
          Lair |    667 |    667 |      0 |    253 |    244 |   1 |  667.0 |
               +--------+--------+--------+--------+--------+-----+--------+

Top non-repeatable levels by time:
     D:5: 2744 daAuts
     D:7: 2487 daAuts
     D:8: 2346 daAuts
     D:3: 1873 daAuts
     D:6: 1844 daAuts
     D:1: 1583 daAuts
     D:2: 1510 daAuts
     D:4: 1225 daAuts
  Lair:1: 667 daAuts
     D:9: 43 daAuts
  Temple: 34 daAuts
